 Dungeon Crawl Stone Soup version 0.29.1-4-g47bece8355 (webtiles) character file.

Game seed: 6774342561131019473

4205 venomsnake the Fighter (level 10, -3/91 HPs)
             Began as a Minotaur Berserker on Dec 9, 2022.
             Was a Priest of Trog.
             Succumbed to an orange demon's poison
             ... on level 7 of the Dungeon.
             The game lasted 00:33:33 (9221 turns).

venomsnake the Fighter (Minotaur Berserker)         Turns: 9221, Time: 00:33:33

Health: -3/91      AC: 16    Str: 26    XL:     10   Next: 8%
Magic:  9/9        EV: 10    Int:  4    God:    Trog [***...]
Gold:   535        SH:  0    Dex: 10    Spells: 9/9 levels left

rFire   . . .      SeeInvis +   v - +1 war axe
rCold   . . .      Faith    .   (no shield)
rNeg    . . .      Spirit   .   s - +0 plate armour
rPois   .          Reflect  .   (helmet restricted)
rElec   .          Harm     .   (no cloak)
rCorr   .          Rampage  .   n - +0 pair of gloves
Will    .....                   i - +0 pair of boots
Stlth   ..........              (no amulet)
HPRegen 0.25/turn               j - ring of see invisible
MPRegen 0.11/turn               (no ring)

@: lethally poisoned (-3 -> -21)
A: horns 2, retaliatory headbutt
a: Renounce Religion, Berserk, Trog's Hand


You were on level 7 of the Dungeon.
You worshipped Trog.
Trog was most pleased with you.
You visited 1 branch of the dungeon, and saw 8 of its levels.
You also visited: Sewer and Bailey.

You collected 565 gold pieces.
You spent 30 gold pieces at shops.

Inventory:

Hand Weapons
 v - a +1 war axe (weapon)
 F - a +0 hand axe
Missiles
 p - 57 stones (quivered)
Armour
 i - a +0 pair of boots (worn)
 n - a +0 pair of gloves (worn)
 s - a +0 plate armour (worn)
 E - a +2 tower shield
Jewellery
 j - a ring of see invisible (left hand)
 C - the amulet of the Mutiny {Faith SInv}
   (You found it on level 6 of the Dungeon)

   [amulet of faith]

   It allows you to gain divine favour quickly.
   SInv:      It lets you see invisible.
Wands
 b - a wand of mindburst (16)
 y - a wand of flame (3)
Scrolls
 a - 2 scrolls of silence
 c - 6 scrolls of teleportation
 d - a scroll of acquirement {unknown}
 f - 2 scrolls of immolation
 h - a scroll of amnesia {unknown}
 l - 5 scrolls of poison
 o - 3 scrolls of butterflies
 r - 2 scrolls of blinking
 u - a scroll of vulnerability {unknown}
 w - a scroll of fear {unknown}
 B - a scroll of noise {unknown}
 D - a scroll of magic mapping {unknown}
Potions
 e - 2 potions of degeneration {unknown}
 g - 3 potions of brilliance
 k - a potion of cancellation {unknown}
 m - 3 potions of curing
 q - 2 potions of heal wounds
 t - 2 potions of attraction
 x - a potion of lignification {unknown}
 z - 2 potions of might


   Skills:
 + Level 9.6 Fighting
 + Level 9.5 Axes
 + Level 9.1 Armour
 + Level 8.3 Dodging


You had 9 spell levels left.
You didn't know any spells.
Your spell library was empty.

Dungeon Overview and Level Annotations

Branches:
Dungeon (8/15)             Temple (0/1) D:4           Sewer (visited)
 Bailey (visited)
   Lair: D:8-11

Altars:
Dithmenos
Okawaru
Trog
Yredelemnul
The Shining One

Shops:
D:2 [   D:5 (*(

Annotations:
D:3 3 runed translucent doors, Smoke420chilling's ghost, amateur HuCj


Innate Abilities, Weirdness & Mutations

You have a pair of horns on your head.
You reflexively headbutt those who attack you in melee.


Message History

The orange demon stings you!
You are more poisoned.
The orange demon poisons you!
The orange demon hits you but does no damage.
You closely miss the orange demon. You headbutt the orange demon!
The orange demon is moderately wounded.
You feel extremely sick.
The orange demon stings you but does no damage.
The orange demon hits you.
You are too injured to fight recklessly!
You are too injured to fight recklessly!
The orange demon attacks as you move away!
The orange demon closely misses you. You furiously retaliate!
You headbutt the orange demon! The orange demon barely misses you.
You feel extremely sick. The orange demon stings you from afar.
There is a stone staircase leading up, spattered with blood here.
You feel extremely sick. The orange demon stings you from afar.
You are lethally poisoned!
The orange demon poisons you!
You climb upwards.
* * * LOW HITPOINT WARNING * * *
You feel extremely sick.
There is a stone staircase leading down here.
There is a lethal amount of poison in your body!
There is a lethal amount of poison in your body!
There is a lethal amount of poison in your body!
There is a lethal amount of poison in your body!
There is a lethal amount of poison in your body!
There is a lethal amount of poison in your body!
There is a lethal amount of poison in your body!
There is a lethal amount of poison in your body!
* * * LOW HITPOINT WARNING * * *
You feel extremely sick.
* * * LOW HITPOINT WARNING * * *
You feel extremely sick.
* * * LOW HITPOINT WARNING * * *
You feel very sick.
You die...

..# ##......#....[.......... ..##
##....................... ...##
#........................ ##..#
#........................ ##.##
#........................ #..#
#..........#............. ##.##
#.......................# ####..#
##.........#####)########
....#.####..>...@.........#
....#..............#####..######
...>####...........# #.......##
...(#####..........#####)#####...
...[.....................<...####
....####...........#####.###...##
....# #.#........## #<# ###...
....# #.........## #.# ##..#
....## ##..####### #.# #..##


There were no monsters in sight!

Vanquished Creatures
  Amaemon (D:8)
  Pikel (D:7)
  Grinder (D:6)
  A wyvern (D:7)
  A steam dragon (D:8)
  2 water moccasins
  3 ice beasts (D:6)
  2 orc warriors
  3 black bears
  2 ogres
  A sky beast (D:6)
  3 lemures
  5 phantoms
  3 wights
  4 scorpions
  A hound (D:4)
  6 jellies
  An orc priest (D:4)
  Jessica (D:3)
  3 orc wizards
  4 iguanas
  A scorpion zombie (D:3)
  A howler monkey zombie (D:3)
  12 adders
  5 gnolls
  5 river rats
  2 white imps (D:6)
  2 ufetubi (D:6)
  2 worms
  3 dart slugs
  14 orcs
  6 ball pythons
  3 bats
  4 endoplasms
  4 giant cockroaches
  11 goblins
  5 hobgoblins
  2 jackals (D:2)
  5 quokkas
  4 frilled lizards
  4 kobolds
  9 rats
153 creatures vanquished.

Notes
Turn   | Place    | Note
-------+----------+-------------------------------------------
     0 | D:1      | venomsnake the Minotaur Berserker began the quest for the
                  | Orb.
     0 | D:1      | Reached XP level 1. HP: 19/19 MP: 0/0
   202 | D:1      | Reached XP level 2. HP: 27/27 MP: 1/1
   698 | D:2      | Reached XP level 3. HP: 29/33 MP: 2/2
   889 | D:2      | Found Daceceopn's Antique Armour Boutique.
   896 | D:2      | Reached XP level 4. HP: 38/41 MP: 3/3
  1181 | D:2      | Reached ** piety under Trog
  1705 | D:3      | Found a faded altar of an unknown god.
  1802 | D:3      | Noticed Jessica
  1807 | D:3      | Killed Jessica
  1868 | D:3      | Reached XP level 5. HP: 45/47 MP: 4/4
  1956 | D:3      | Found a runed translucent gate.
  1956 | D:3      | Found a runed translucent gate.
  1956 | D:3      | Found a runed translucent gate.
  1956 | D:3      | Noticed Smoke420chilling's ghost (amateur HuCj)
  2086 | D:3      | Found a glowing drain.
  2093 | Sewer    | Entered a sewer
  2229 | Sewer    | Reached skill level 5 in Fighting
  2240 | Sewer    | Reached skill level 5 in Axes
  2761 | D:3      | Found a basalt altar of Yredelemnul.
  2771 | D:3      | Reached XP level 6. HP: 46/56 MP: 5/5
  2960 | D:4      | Found a bloodstained altar of Trog.
  3179 | D:4      | Found a staircase to the Ecumenical Temple.
  3191 | D:4      | Reached *** piety under Trog
  3205 | D:4      | Found the +7 Kryia's mail coat {PotionHeal*2 rC+}
  3280 | D:4      | Reached skill level 5 in Armour
  3688 | D:4      | Reached XP level 7. HP: 55/62 MP: 6/6
  4381 | D:5      | Entered Level 5 of the Dungeon
  4399 | D:5      | Found an iron altar of Okawaru.
  4409 | D:5      | Found Sary's General Store.
  4414 | D:5      | Found Qymixt's Weapon Shop.
  4417 | D:5      | Bought a scroll of identify for 30 gold pieces
  4531 | D:5      | Found Fyxt's Weapon Shop.
  4624 | D:5      | Reached skill level 5 in Dodging
  4832 | D:5      | Reached XP level 8. HP: 71/71 MP: 7/7
  5994 | D:6      | Found a glowing golden altar of the Shining One.
  6067 | D:6      | Noticed Grinder
  6433 | D:6      | Paralysed by Grinder for 3 turns
  6439 | D:6      | Killed Grinder
  6440 | D:6      | Reached XP level 9. HP: 59/81 MP: 8/8
  6582 | D:6      | Identified the amulet of the Mutiny {Faith SInv}
  6900 | D:6      | Reached **** piety under Trog
  7266 | D:7      | Noticed Pikel
  7338 | D:7      | Found a flagged portal.
  7410 | Bailey   | Entered a bailey
  7865 | D:7      | Found a shadowy altar of Dithmenos.
  7998 | D:7      | Killed Pikel
  8534 | D:8      | Noticed Amaemon
  8919 | D:8      | Killed Amaemon
  8920 | D:8      | Reached XP level 10. HP: 34/91 MP: 9/9
  9030 | D:8      | Noticed an orange demon
  9220 | D:7      | HP: 2/91 [poisoned by an orange demon]
  9221 | D:7      | Succumbed to an orange demon's poison

Illustrated notes

Levels and vault maps discovered:
D:1:      reono_arrival_forest_river, layout_loops_ring
D:2:      layout_rooms, serial_shops, nicolae_shop_trees
D:3:      layout_rooms, nicolae_yredelemnul_ghost_church,
          hellmonk_ecumenical_altar_lost_god, gup_sewer_entry_bubbles,
          uniq_jessica
D:4:      layout_basic, nicolae_overflow_crystal_walls,
          minmay_temple_entry_purple_smoke, minmay_fractal_squares_diagonal_5
D:5:      layout_loops_corners, kennysheep_mini_moat, serial_shops,
          nicolae_shop_bloodbath_and_beyond, shop, kennysheep_little_box,
          hangedman_decor_points
D:6:      layout_loops_cross, old_standard_altar, minmay_circle_x, uniq_grinder
D:7:      layout_rooms, marbit_many_paths, enter_bailey_5, uniq_pikel
D:8:      wander_river, layout_basic, mainiacjoe_overflow_cross_hatched,
          chequers_serial_rivers_small_b, uniq_maggie, uniq_amaemon

Skill      XL: |  1  2  3  4  5  6  7  8  9 |
---------------+----------------------------+-----
Fighting       | 4 5 6 8 9 |  9.6
Axes           | 4 5 6 8 9 |  9.5
Armour         | 3 4 5 6 7 9 |  9.1
Dodging        | 3 4 5 6 8 |  8.3

Action                   |  1- 3 |  4- 6 |  7- 9 | 10-12 || total
-------------------------+-------+-------+-------+-------++-------
Melee: Hand axe          |    44 |    44 |       |       ||    88
       Headbutt          |     8 |    24 |    44 |     1 ||    77
       Punch             |     1 |     3 |     3 |     1 ||     8
       War axe           |       |   117 |   238 |     2 ||   357
Invok: Berserk           |       |       |     1 |       ||     1
  Use: Scroll            |       |     5 |     8 |       ||    13
Armor: Animal skin       |     2 |       |       |       ||     2
       Ring mail         |    14 |     1 |       |       ||    15
       Plate armour      |       |    93 |   220 |     4 ||   317
Dodge: Dodged            |    36 |    53 |   135 |     2 ||   226
